Map: Glittering Ashes LE

Players

larsgj - Winner!

  • Race: Terran Terran
  • Spawn Location: 1:00

VOD

Have the link to the VOD?

Description

Time

  • Played on: Jan. 23, 2022, 9:36 a.m.
  • Length: 22:03
Show
View Real Time Build Order
Export as new Build Order

larsgj Terran - Winner!

Build Orders:  

Get SALT Encoding   

  12  0:00  SCV  
  13  0:22  SCV  
  14  0:34  Supply Depot  
  14  0:38  SCV  
  15  1:04  SCV  
  16  1:21  Barracks  
  16  1:26  SCV, Supply Depot  
  17  1:43  SCV  
  18  2:01  Command Center  
  18  2:15  Refinery  
  18  2:18  Refinery  
  18  2:32  Engineering Bay, SCV  
  18  2:38  Marine  
  20  3:11  Bunker  
  20  3:14  Marine  
  21  3:39  Marine  
  22  3:46  SCV  
  23  3:53  Refinery  
  23  4:03  SCV  
  23  4:04  Marine  
  23  4:09  Refinery  
  25  4:19  SCV  
  25  4:28  Bunker  
  25  4:29  Marine  
  27  4:36  SCV  
  28  4:49  Supply Depot  
  28  4:53  SCV  
  28  4:54  Marine  
  28  4:56  Terran Infantry Weapons Level 1  
  30  5:10  SCV  
  30  5:19  Marine  
  32  5:27  SCV  
  33  5:44  SCV  
  34  5:53  Factory  
  34  6:01  SCV  
  34  6:07  Supply Depot  
  35  6:14  Marine  
  35  6:18  SCV  
  37  6:35  SCV  
  37  6:39  Marine  
  39  6:52  SCV  
  40  7:04  Marine  
  40  7:07  Starport  
  41  7:17  Missile Turret  
  41  7:29  Marine  
  42  7:49  Missile Turret  
  42  7:54  Marine  
  43  8:02  Starport Tech Lab  
  43  8:14  Armory  
  43  8:19  Missile Turret  
  43  8:36  Hi-Sec Auto Tracking  
  43  8:42  Bunker, Marine  
  44  8:52  Medivac  
  46  9:01  Missile Turret  
  46  9:07  Marine  
  47  9:16  Starport  
  47  9:31  Barracks, Missile Turret  
  47  9:32  Marine  
  47  9:36  Terran Infantry Armor Level 1  
  48  9:53  Medivac  
  48  9:57  Marine  
  51  10:22  Marine  
  52  10:40  Barracks Tech Lab  
  52  10:46  Medivac  
  52  10:47  Marine  
  55  11:10  Orbital Command  
  55  11:12  Marine  
  56  11:24  Orbital Command  
  56  11:37  Marine  
  57  11:58  Terran Vehicle And Ship Armor Level 1  
  57  12:02  Marine  
  57  12:09  Starport Tech Lab  
  58  12:16  Terran Infantry Weapons Level 2  
  58  12:29  Medivac  
  60  12:38  Barracks Tech Lab  
  60  12:43  Marine  
  61  13:08  Marine  
  62  13:11  Supply Depot  
  62  13:33  Marine, Medivac  
  65  13:42  Medivac, Supply Depot  
  65  13:46  Marine  
  68  13:52  Unknown  
  68  13:58  Marine  
  69  14:11  Marine  
  69  14:14  Supply Depot  
  69  14:15  Medivac  
  72  14:23  Marine  
  72  14:24  Medivac  
  75  14:36  Marine  
  76  14:48  Marine  
  77  14:59  Medivac  
  79  15:01  Marine  
  79  15:05  Medivac  
  82  15:13  Marine  
  83  15:26  Marine  
  84  15:38  Marine  
  85  15:51  Marine  
  86  16:03  Marine  
  87  16:15  Marine  
  88  16:28  Marine  
  89  16:40  Marine  
  89  16:46  Structure Armor  
  90  16:53  Marine  
  91  17:05  Marine  
  92  17:18  Marine  
  93  17:30  Marine  
  94  17:42  Marine  
  94  17:46  Terran Infantry Armor Level 2  
  95  17:55  Marine  
  96  18:07  Marine  
  97  18:20  Marine  
  98  18:32  Marine  
  99  18:45  Marine  
  100  18:57  Marine  
  101  19:10  Marine  
Tags
 
Add a new tag
Caveats
  • Supply blocks, unpowered buildings, or Contaminate may cause inaccurate times.
  • Supply counts are checked every 10 seconds.